 Dungeon Sprint DCSS version 0.31-a0-18-gea43df2a32 (webtiles) character file.

Game seed: 8858170729609737935

4305 sircluck the Brawler (level 10, 0/166 HPs)
             Began as a Troll Berserker on May 11, 2023.
             Was the Champion of Trog.
             Succumbed to a killer bee's poison
             ... in the Dungeon (Sprint III: "The Ten Rune Challenge").
             The game lasted 00:04:10 (798 turns).

sircluck the Brawler (Troll Berserker)               Turns: 798, Time: 00:04:11

Health: 0/166      AC:  4    Str: 31    XL:     10   Next: 11%
Magic:  9/9        EV: 12    Int:  3    God:    Trog [******]
Gold:   15         SH:  0    Dex:  9    Spells: 9/9 levels left

rFire   . .          .
                       - Unarmed
rCold   . . .        (no shield)
rNeg    . . .        a - +0 animal skin
rPois   .            (helmet restricted)
rElec   .            (no cloak)
rCorr   .            (gloves unavailable)
SInv    .            (boots unavailable)
Will    .....        (no amulet) Stlth
                     (no ring)
HPRegen 1.27/turn    (no ring)
MPRegen 0.11/turn

%: no teleportation
@: berserking, lethally poisoned (0 -> -5), very quick
A: large, unfitting armour, claws 3, regeneration 1, shaggy fur 1, tough skin 1
a: Renounce Religion, Berserk, Trog's Hand, Brothers in Arms


You were in the Dungeon.
You worshipped Trog.
Trog was exalted by your worship.
You visited 1 branch You collected 15 gold pieces.

Inventory:

Armour
 a - a +0 animal skin (worn)
 k - a +0 cloak
Wands
 i - a wand of flame (18)
 p - a wand of charming (6)
Scrolls
 g - a scroll of blinking
 h - 2 scrolls of identify {unknown}
 l - a scroll of poison {unknown}
 n - a scroll of immolation {unknown}
 o - a scroll of amnesia {unknown}
Potions
 b - a potion of curing
 d - a potion of haste
 e - 2 potions of magic
 f - a potion of berserk rage
 j - 2 potions of might
 m - 2 potions of flight
Miscellaneous
 q - a phial of floods


   Skills:
 + Level 10.5 Fighting
 + Level 10.6 Dodging
 + Level 1.1 Stealth
 + Level 16.7 Unarmed Combat


You had 9 spell levels left.
You didn't know any spells.
Your spell library was empty.

Dungeon Overview and Level Annotations

Branches:
Dungeon (1/1)

Altars:
Cheibriados
Dithmenos
Elyvilon
Fedhas
Gozag
Hepliaklqana
Kikubaaqudgha
Makhleb
Nemelex Xobeh
Okawaru
Qazlal
Ru
Sif Muna
Trog
Uskayaw
Vehumet
Wu Jian
Xom
Yredelemnul
Zin
The Shining One
Jiyva
Lugonu


Innate Abilities, Weirdness & Mutations

You are too large for most types of armour.
You have claws for hands.
Your natural rate of healing is unusually fast.
You are covered in fur. (AC +1)
You have tough skin. (AC +1)


Message History

You feel sick. The killer bee barely misses you.
You barely miss the killer bee.
The killer bee is heavily wounded.
You feel sick.
The killer bee buzzes angrily.
The killer bee stings you.
* * * LOW HITPOINT WARNING * * *
You mangle the killer bee!!
You kill the killer bee!
Trog accepts your kill.
You feel sick.
You miss the killer bee.
You feel sick. The killer bee stings you.
* * * LOW HITPOINT WARNING * * *
You claw the killer bee!
The killer bee is almost dead.
You feel sick.
The killer bee stings you but does no damage.
You barely miss the killer bee.
The killer bee is almost dead.
You feel sick. The killer bee barely misses you.
You eviscerate the killer bee!!!
You kill the killer bee!
Trog accepts your kill. Trog grants you a weapon!
Something appears at your feet!
You see here a +5 lajatang of flaming.
You feel sick.
You mangle the killer bee!!
You feel the power of Trog in you as your rage grows.
You kill the killer bee!
Trog accepts your kill.
You feel sick.
You feel sick.
You closely miss the killer bee.
You feel sick. The killer bee barely misses you.
You closely miss the killer bee. The killer bee stings you!
* * * LOW HITPOINT WARNING * * *
You are lethally poisoned!
The killer bee poisons you!
You barely miss the killer bee.
You die...

#########################
~~'.#.')).'.#.#.#yyy..~≈#
§§#.#.#)..##.#.#@##...~≈#
§.#.#.#...#.#.#)#.#yyyy≈≈≈
.§#...#...##.#.#.##yyyy~~~
▓▓▓▓▓▓▓▓▓▓#.#.#.#.#yyyy...
##.#.#.##yy.....
+.#.#.#.#.......
##.#.#.######### #+#####


You could see 3 killer bees.

Vanquished Creatures
  Josephine (D)
  A centaur warrior (D)
  A deep elf pyromancer (D)
  An unseen horror (D)
  A shadow (D)
  A spatial vortex (D)
  2 centaurs (D)
  An earth elemental (D)
  A water elemental (D)
  A necrophage (D)
  17 killer bees (D)
  A jelly (D)
  Crazy Yiuf (D)
  Jessica (D)
  A wizard (D)
  A necromancer (D)
  A kobold demonologist (D)
  3 humans (D)
  2 rats (D)
39 creatures vanquished.

Vanquished Creatures (collateral kills)
  A queen bee (D)
  10 killer bees (D)
11 creatures vanquished.

Grand Total: 50 creatures vanquished

Notes
Turn   | Place    | Note
-------+----------+-------------------------------------------
     0 | D        | sircluck the Troll Berserker began the quest for the Orb.
     0 | D        | Reached XP level 1. HP: 22/22 MP: 0/0
    27 | D        | Noticed Jessica
    32 | D        | Killed Jessica
    32 | D        | Reached ** piety under Trog
    33 | D        | Reached skill level 4 in Unarmed Combat
    33 | D        | Reached XP level 2. HP: 9/32 MP: 1/1
    79 | D        | Reached XP level 3. HP: 23/39 MP: 2/2
    86 | D        | Noticed Crazy Yiuf
   101 | D        | Killed Crazy Yiuf
   102 | D        | Reached skill level 5 in Unarmed Combat
   102 | D        | Reached XP level 4. HP: 23/49 MP: 0/3
   129 | D        | Noticed a water elemental
   137 | D        | Killed a water elemental
   138 | D        | Reached skill level 5 in Fighting
   138 | D        | Reached skill level 5 in Dodging
   138 | D        | Reached skill level 6 in Unarmed Combat
   285 | D        | Found a basalt altar of Yredelemnul.
   285 | D        | Found a shadowy altar of Dithmenos.
   285 | D        | Found a sacrificial altar of Ru.
   285 | D        | Noticed a necrophage
   286 | D        | Reached *** piety under Trog
   287 | D        | Reached skill level 7 in Unarmed Combat
   287 | D        | Reached XP level 5. HP: 57/57 MP: 4/4
   319 | D        | Found a radiant altar of Vehumet.
   319 | D        | Found a shimmering blue altar of Sif Muna.
   319 | D        | Found an ancient bone altar of Kikubaaqudgha.
   322 | D        | Reached **** piety under Trog
   323 | D        | Reached skill level 8 in Unarmed Combat
   327 | D        | Reached XP level 6. HP: 58/67 MP: 5/5
   340 | D        | Found a hide-covered altar of Uskayaw.
   340 | D        | Found an iron altar of Okawaru.
   340 | D        | Found a bloodstained altar of Trog.
   340 | D        | Found an ornate altar of the Wu Jian Council.
   340 | D        | Noticed a human
   341 | D        | Noticed a human
   346 | D        | Killed a human
   347 | D        | Reached skill level 9 in Unarmed Combat
   351 | D        | Killed a human
   351 | D        | Reached ***** piety under Trog
   352 | D        | Reached skill level 10 in Unarmed Combat
   352 | D        | Reached XP level 7. HP: 78/78 MP: 6/6
   399 | D        | Found a glowing silver altar of Zin.
   399 | D        | Found a glowing golden altar of the Shining One.
   399 | D        | Found a white marble altar of Elyvilon.
   400 | D        | Noticed a deep elf pyromancer
   402 | D        | Killed a deep elf pyromancer
   403 | D        | Reached skill level 11 in Unarmed Combat
   420 | D        | Noticed a shadow
   424 | D        | Killed a shadow
   425 | D        | Reached XP level 8. HP: 79/89 MP: 7/7
   426 | D        | Received a gift from Trog
   427 | D        | Reached skill level 12 in Unarmed Combat
   433 | D        | Found a blossoming altar of Fedhas.
   433 | D        | Found a stormy altar of Qazlal.
   433 | D        | Found a snail-covered altar of Cheibriados.
   433 | D        | Found a burning altar of Makhleb.
   433 | D        | Found a shimmering altar of Xom.
   434 | D        | Found a hazy altar of Hepliaklqana.
   434 | D        | Found an opulent altar of Gozag.
   434 | D        | Found a sparkling altar of Nemelex Xobeh.
   434 | D        | Found a corrupted altar of Lugonu.
   434 | D        | Found a viscous altar of Jiyva.
   457 | D        | Noticed Josephine
   461 | D        | Killed Josephine
   462 | D        | Reached skill level 13 in Unarmed Combat
   520 | D        | Noticed a centaur warrior
   530 | D        | Killed a centaur warrior
   531 | D        | Reached skill level 14 in Unarmed Combat
   531 | D        | Reached XP level 9. HP: 56/101 MP: 8/8
   535 | D        | Reached skill level 10 in Dodging
   535 | D        | Reached skill level 15 in Unarmed Combat
   691 | D        | Killed an unseen horror
   692 | D        | Reached skill level 10 in Fighting
   705 | D        | Noticed a queen bee
   709 | D        | Received a gift from Trog
   734 | D        | Reached ****** piety under Trog
   743 | D        | Received a gift from Trog
   745 | D        | Killed a queen bee
   746 | D        | Reached skill level 16 in Unarmed Combat
   756 | D        | Identified the +6 battleaxe of the Eight Quests {heavy,
                  | Dex+2} (Trog gifted it to you in the Dungeon)
   756 | D        | Received a gift from Trog
   757 | D        | Reached skill level 1 in Stealth
   757 | D        | Reached XP level 10. HP: 68/111 MP: 9/9
   793 | D        | Received a gift from Trog
   794 | D        | HP: 8/166 [poisoned by a killer bee]
   797 | D        | HP: 2/166 [killer bee (7)]
   798 | D        | Succumbed to a killer bee's poison

Illustrated notes

Levels and vault maps discovered:
D:        dungeon_sprint_mu [sprint_mu_entry_cave, sprint_mu_temple_rooms,
          sprint_mu_d1_horrors, sprint_mu_d2_genie, sprint_mu_d3_branching,
          sprint_mu_orc_legion, sprint_mu_elf_gauntlet, sprint_mu_hive_nellie,
          sprint_mu_lair_fedhas, sprint_mu_vaults_butterflies,
          sprint_mu_slime_circle, sprint_mu_shoals_archi,
          sprint_mu_snake_twists, sprint_mu_blade_basic,
          sprint_mu_crypt_chambers, sprint_mu_tomb_spiral,
          sprint_mu_vestibule_basic, sprint_mu_gehenna_hellfire,
          sprint_mu_dis_giant, sprint_mu_tartarus_statrot,
          sprint_mu_cocytus_islands, sprint_mu_zot1]

Skill      XL: |  1  2  3  4  5  6  7  8  9 |
---------------+----------------------------+-----
Fighting       | 3 4 5 6 7 8 9 10 | 10.5
Dodging        | 3 4 5 6 7 8 9 10 | 10.6
Unarmed Combat | 4 5 7 8 10 11 14 16 | 16.7
Stealth        | 1 |  1.1

Action                     |  1- 3 |  4- 6 |  7- 9 | 10-12 || total
---------------------------+-------+-------+-------+-------++-------
  Melee: Unarmed           |    29 |    31 |    62 |    30 ||   152
         Punch             |     1 |     2 |     1 |       ||     4
 Invoke: Berserk           |       |     2 |     2 |     1 ||     5
         Brothers in Arms  |       |       |     1 |       ||     1
    Use: Potion            |       |       |     3 |       ||     3
 Armour: Animal skin       |     4 |     1 |    22 |     3 ||    30
         Skin              |     1 |       |       |       ||     1
  Dodge: Dodged            |    15 |     6 |    56 |    18 ||    95

Table legend: (Time is in decaauts)
 A = Elapsed time spent in this place.
 B = Non-inter-level travel time spent in this place.
 C = Inter-level travel time spent in this place.
 D = Time resting spent in this place.
 E = Time spent auto-exploring this place.
 F = Levels seen in this place.
 G = Mean time per level.
                   A        B        C        D        E       F      G
               +--------+--------+--------+--------+--------+-----+--------+
         Total |    800 |    796 |      4 |    389 |     17 |   1 |  800.0 |
       Dungeon |    800 |    796 |      4 |    389 |     17 |   1 |  800.0 |
               +--------+--------+--------+--------+--------+-----+--------+

Top non-repeatable levels by time:
       D: 800 daAuts
